WASHINGTON vs ANAHEIM

Created - March-03-21 at 20:30

Goals
1 2 3 T
WASHINGTON 0 1 2 3
ANAHEIM 0 1 1 2
Shots
1 2 3 T
WASHINGTON 12 12 9 33
ANAHEIM 10 8 10 28

1st period

No Goal

Penalties :
Blake Wheeler (WSH) for Hooking (Minor) at 0:10, Casey Cizikas (WSH) for Hooking (Minor) at 3:51, Patric Hornqvist (ANA) for High sticking (Minor) at 18:28

2nd period

1. WASHINGTON , Brendan Gallagher 8 (Dylan DeMelo 9, Ryan Getzlaf 11) at 3:02
2. ANAHEIM , Nate Thompson 5 (Jake McCabe 13, Andrew Shaw 2) at 17:50

Penalties :
Blake Wheeler (WSH) for Tripping (Minor) at 3:35, Cal Clutterbuck (WSH) for Hooking (Minor) at 6:21, Mike Green (ANA) for Tripping (Minor) at 8:23

3rd period

3. ANAHEIM , Nate Thompson 6 (Michael Frolik 8, Andrew Shaw 3) at 3:16
4. WASHINGTON , Ryan O'Reilly 9 (Ryan Graves 4, Blake Wheeler 12) at 10:51
5. WASHINGTON , Brendan Gallagher 9 (Damon Severson 18) at 12:30

Penalties :
Jason Zucker (ANA) for Slashing (Minor) at 14:31

Goalie Stats

Carter Hart (WSH), 26 saves from 28 shots - (0.929), W, 8-4-4, 60:00 minutes
Cam Talbot (ANA), 30 saves from 33 shots - (0.909), L, 12-13-6, 60:00 minutes

Players Stats for WASHINGTON

Player Name              G  A  P  +/- PIM S  H  SB GA TA FO     MP     PP MP  PK MP  
------------------------------------------------------------------------------------
Blake Wheeler            0  1  1   1  4   6  3  1  0  0  0/0    20:20   3:07   0:00 
Brayden Schenn           0  0  0   1  0   1  3  0  0  0  0/2    19:31   3:07   0:00 
Brendan Gallagher        2  0  2   1  0   5  0  0  0  0  1/1    16:56   2:26   0:00 
Cal Clutterbuck          0  0  0  -1  2   0  3  0  0  0  1/1     8:55   0:00   0:59 
Casey Cizikas            0  0  0   0  2   1  4  0  0  0  7/8    10:08   0:00   2:53 
Christian Fischer        0  0  0  -1  0   0  0  0  0  0  0/0     7:57   0:00   0:00 
Clayton Keller           0  0  0   1  0   4  0  0  0  0  2/3    17:20   2:50   0:00 
Damon Severson           0  1  1  -1  0   2  0  0  0  0  0/0    21:57   3:31   3:42 
Dylan DeMelo             0  1  1   1  0   1  2  2  0  0  0/0    13:49   0:00   0:00 
Kevin Labanc             0  0  0   0  0   0  1  0  0  0  0/0    10:02   2:50   0:47 
Luke Glendening          0  0  0  -1  0   1  0  1  0  0  7/13   12:01   0:00   4:04 
Martin Frk               0  0  0   0  0   1  0  0  0  0  0/0     6:25   0:00   0:00 
Radko Gudas              0  0  0  -1  0   2  1  0  0  0  0/0    18:26   0:00   3:42 
Ryan Getzlaf             0  1  1   1  0   2  4  0  0  0  13/20  21:09   2:50   3:49 
Ryan Graves              0  1  1   1  0   0  7  0  0  0  0/0    24:14   2:26   4:14 
Ryan O'Reilly            1  0  1   1  0   5  0  0  0  0  21/36  23:42   3:07   3:20 
Victor Hedman            0  0  0   1  0   2  0  0  0  0  0/0    26:14   3:31   4:14 
Victor Mete              0  0  0   1  0   0  0  1  0  0  0/0    12:54   0:00   0:00 

Players Stats for ANAHEIM

Player Name              G  A  P  +/- PIM S  H  SB GA TA FO     MP     PP MP  PK MP  
------------------------------------------------------------------------------------
Andreas Athanasiou       0  0  0  -2  0   0  0  0  0  0  1/1    19:47   3:53   0:00 
Andrew Shaw              0  2  2   2  0   1  3  0  0  0  0/3    15:18   0:00   0:00 
Anton Stralman           0  0  0  -1  0   0  0  3  0  0  0/0    25:57   4:21   3:04 
C.J. Smith               0  0  0   0  0   0  0  1  0  0  0/0     1:17   0:00   0:00 
Caleb Jones              0  0  0   0  0   1  0  3  0  0  0/0    14:25   0:00   0:00 
Casey Nelson             0  0  0   0  0   0  1  0  0  0  0/0     3:04   0:00   0:00 
Chris Wagner             0  0  0   0  0   0  0  0  0  0  0/0     0:00   0:00   0:00 
Evgeny Kuznetsov         0  0  0  -1  0   3  1  0  0  0  13/35  23:56   4:03   3:41 
Jake McCabe              0  1  1   0  0   0  4  3  0  0  0/0    19:38   3:35   2:53 
Jason Zucker             0  0  0  -1  2   3  4  0  0  0  0/1    20:06   4:03   1:09 
Joel Edmundson           0  0  0  -1  0   4  8  2  0  0  0/0    22:53   4:21   3:04 
Michael Frolik           0  1  1   2  0   2  0  1  0  0  2/4    15:47   0:00   1:46 
Mike Green               0  0  0   0  2   0  2  1  0  0  0/0    14:24   0:00   0:00 
Nate Thompson            2  0  2   2  0   3  1  0  0  0  11/17  14:01   0:00   0:00 
Patric Hornqvist         0  0  0  -1  2   7  3  0  0  0  0/1    20:01   4:03   1:04 
Pierre-Luc Dubois        0  0  0  -2  0   2  4  1  0  0  3/20   24:01   3:53   4:14 
Trevor van Riemsdyk      0  0  0   0  0   0  0  2  0  0  0/0    19:38   3:35   2:53 
Zach Sanford             0  0  0  -2  0   2  1  0  0  0  2/2    19:47   3:53   0:00 

3 Stars

1 - Nate Thompson (ANA)
2 - Brendan Gallagher (WSH)
3 - Andrew Shaw (ANA)

Power Play

WASHINGTON - 0 on 3 Attempt(s) - 0.00%
ANAHEIM - 0 on 4 Attempt(s) - 0.00%

Penalty Kill

WASHINGTON - 4 on 4 Attempt(s) - 100.00% - Score 0 goal in Penalty Kill
ANAHEIM - 3 on 3 Attempt(s) - 100.00% - Score 0 goal in Penalty Kill

Team Stat

WASHINGTON - Hits : 28 - Faceoff Wins : 52 - Blocked Shots : 5 - Penalty Minutes : 8
ANAHEIM - Hits : 32 - Faceoff Wins : 32 - Blocked Shots : 17 - Penalty Minutes : 6

Official

Referees : Tim Peel and Ryan Hersey
Linesman : Jesse Marquis and Luke Murray

Game Notes

No Game Note

Finance

Level 1 -- Attendance: 6000 (100.00%) -- Ticket Income $534,000
Level 2 -- Attendance: 4388 (87.76%) -- Ticket Income $236,952
Level 3 -- Attendance: 2000 (100.00%) -- Ticket Income $56,000
Level 4 -- Attendance: 2880 (72.00%) -- Ticket Income $60,480
Luxury Box -- Attendance: 797 (79.70%) -- Ticket Income $148,242
Game was played at the Honda Center.
Total Attendance: 16065 (89.25%)
Total Ticket Income: $1,035,674
Total Income: $1,035,674

WASHINGTON

5 vs 5 Forward 
   Center                   Left Wing                Right Wing               Time % Phy DF OF 
 1 Ryan O'Reilly            Brayden Schenn           Blake Wheeler            40     0   2  3  
 2 Ryan Getzlaf             Clayton Keller           Brendan Gallagher        30     0   2  3  
 3 Casey Cizikas            Kevin Labanc             Martin Frk               15     0   2  3  
 4 Luke Glendening          Christian Fischer        Cal Clutterbuck          15     2   3  0  

5 vs 5 Defense 
   Defense                  Defense                                           Time % Phy DF OF 
 1 Victor Hedman            Ryan Graves                                       45     0   3  2  
 2 Damon Severson           Radko Gudas                                       40     0   3  2  
 3 Dylan DeMelo             Victor Mete                                       10     0   3  2  
 4 Victor Hedman            Dylan DeMelo                                      5      0   3  2  

PowerPlay Forward 
   Center                   Left Wing                Right Wing               Time % Phy DF OF 
 1 Ryan O'Reilly            Brayden Schenn           Blake Wheeler            65     0   0  5  
 2 Ryan Getzlaf             Clayton Keller           Kevin Labanc             35     0   0  5  

PowerPlay Defense
   Defense                  Defense                                           Time % Phy DF OF 
 1 Victor Hedman            Damon Severson                                    65     0   1  4  
 2 Ryan Graves              Brendan Gallagher                                 35     0   1  4  

Penalty Kill 4 Players Forward 
   Center                   Wing                     Time % Phy DF OF 
 1 Ryan O'Reilly            Casey Cizikas            50     0   5  0  
 2 Luke Glendening          Ryan Getzlaf             50     0   5  0  

Penalty Kill 4 Players Defense
   Defense                  Defense                  Time % Phy DF OF 
 1 Victor Hedman            Ryan Graves              50     0   5  0  
 2 Damon Severson           Radko Gudas              50     0   5  0  

Penalty Kill - 3 Players Forward 
   Forward                                           Time % Phy DF OF 
 1 Ryan O'Reilly                                     65     0   5  0  
 2 Luke Glendening                                   35     0   5  0  

Penalty Kill - 3 Players Defense
   Defense                  Defense                  Time % Phy DF OF 
 1 Victor Hedman            Ryan Graves              65     0   5  0  
 2 Damon Severson           Radko Gudas              35     0   5  0  

4 vs 4 Forward 
   Center                   Wing                     Time % Phy DF OF 
 1 Ryan O'Reilly            Blake Wheeler            65     0   2  3  
 2 Ryan Getzlaf             Brayden Schenn           35     0   2  3  

4 vs 4 Defense
   Defense                  Defense                  Time % Phy DF OF 
 1 Victor Hedman            Ryan Graves              65     0   3  2  
 2 Damon Severson           Radko Gudas              35     0   3  2  

Last Minutes Offensive
   Center                   Left Wing                Right Wing               Defense                  Defense                  
   Ryan O'Reilly            Brayden Schenn           Blake Wheeler            Victor Hedman            Damon Severson           

Last Minutes Defensive
   Center                   Left Wing                Right Wing               Defense                  Defense                  
   Ryan O'Reilly            Casey Cizikas            Blake Wheeler            Victor Hedman            Ryan Graves              

Goaltenders
Starting : Carter Hart              
Backup : Carter Hutton            

Extra Forwards
Normal : Blake Wheeler, Ryan O'Reilly, Brayden Schenn - PP : Casey Cizikas, Martin Frk - PK : Cal Clutterbuck
Extra Defensemen
Normal : Victor Hedman, Damon Severson, Ryan Graves - PP : Radko Gudas - PK : Dylan DeMelo, Victor Mete
Penalty Shots
Ryan Getzlaf, Blake Wheeler, Kevin Labanc, Ryan O'Reilly, Casey Cizikas

Scratches
WSH Cap Hit (Suspend), Sam Bennett (Suspend)

ANAHEIM

5 vs 5 Forward 
   Center                   Left Wing                Right Wing               Time % Phy DF OF 
 1 Evgeny Kuznetsov         Jason Zucker             Patric Hornqvist         35     1   2  2  
 2 Pierre-Luc Dubois        Andreas Athanasiou       Zach Sanford             30     1   2  2  
 3 Nate Thompson            Michael Frolik           Andrew Shaw              25     1   2  2  
 4 Andrew Shaw              C.J. Smith               Evgeny Kuznetsov         10     1   2  2  

5 vs 5 Defense 
   Defense                  Defense                                           Time % Phy DF OF 
 1 Anton Stralman           Joel Edmundson                                    35     1   2  2  
 2 Jake McCabe              Trevor van Riemsdyk                               30     1   2  2  
 3 Caleb Jones              Mike Green                                        25     1   2  2  
 4 Casey Nelson             Anton Stralman                                    10     1   2  2  

PowerPlay Forward 
   Center                   Left Wing                Right Wing               Time % Phy DF OF 
 1 Evgeny Kuznetsov         Jason Zucker             Patric Hornqvist         60     1   2  2  
 2 Pierre-Luc Dubois        Andreas Athanasiou       Zach Sanford             40     1   2  2  

PowerPlay Defense
   Defense                  Defense                                           Time % Phy DF OF 
 1 Anton Stralman           Joel Edmundson                                    60     1   2  2  
 2 Jake McCabe              Trevor van Riemsdyk                               40     1   2  2  

Penalty Kill 4 Players Forward 
   Center                   Wing                     Time % Phy DF OF 
 1 Evgeny Kuznetsov         Pierre-Luc Dubois        60     1   2  2  
 2 Jason Zucker             Patric Hornqvist         40     1   2  2  

Penalty Kill 4 Players Defense
   Defense                  Defense                  Time % Phy DF OF 
 1 Anton Stralman           Joel Edmundson           60     1   2  2  
 2 Jake McCabe              Trevor van Riemsdyk      40     1   2  2  

Penalty Kill - 3 Players Forward 
   Forward                                           Time % Phy DF OF 
 1 Evgeny Kuznetsov                                  60     1   2  2  
 2 Pierre-Luc Dubois                                 40     1   2  2  

Penalty Kill - 3 Players Defense
   Defense                  Defense                  Time % Phy DF OF 
 1 Anton Stralman           Joel Edmundson           60     1   2  2  
 2 Jake McCabe              Trevor van Riemsdyk      40     1   2  2  

4 vs 4 Forward 
   Center                   Wing                     Time % Phy DF OF 
 1 Evgeny Kuznetsov         Pierre-Luc Dubois        60     1   2  2  
 2 Jason Zucker             Patric Hornqvist         40     1   2  2  

4 vs 4 Defense
   Defense                  Defense                  Time % Phy DF OF 
 1 Anton Stralman           Joel Edmundson           60     1   2  2  
 2 Jake McCabe              Trevor van Riemsdyk      40     1   2  2  

Last Minutes Offensive
   Center                   Left Wing                Right Wing               Defense                  Defense                  
   Evgeny Kuznetsov         Jason Zucker             Patric Hornqvist         Anton Stralman           Joel Edmundson           

Last Minutes Defensive
   Center                   Left Wing                Right Wing               Defense                  Defense                  
   Evgeny Kuznetsov         Jason Zucker             Patric Hornqvist         Anton Stralman           Joel Edmundson           

Goaltenders
Starting : Cam Talbot               
Backup : Juuse Saros              

Extra Forwards
Normal : Chris Wagner, Nate Thompson, Michael Frolik - PP : Chris Wagner, Nate Thompson - PK : Michael Frolik
Extra Defensemen
Normal : Caleb Jones, Mike Green, Casey Nelson - PP : Caleb Jones - PK : Mike Green, Casey Nelson
Penalty Shots
Evgeny Kuznetsov, Pierre-Luc Dubois, Jason Zucker, Patric Hornqvist, Andreas Athanasiou

Scratches
Connor McDavid (Healthy)

% Time on Ice - WASHINGTON

Lines # - Real PCT - Wanted PCT - Time Play
Normal Forward
1 - 36% - 40% - 16:24
2 - 32% - 30% - 14:30
3 - 14% - 15% - 6:25
4 - 18% - 15% - 7:57
Normal Defense
1 - 37% - 45% - 16:43
2 - 33% - 40% - 14:44
3 - 28% - 10% - 12:54
4 - 2% - 5% - 0:55
PP Forward
1 - 52% - 65% - 3:07
2 - 48% - 35% - 2:50
PP Defense
1 - 59% - 65% - 3:31
2 - 41% - 35% - 2:26
PK Forward
1 - 49% - 50% - 3:52
2 - 51% - 50% - 4:04
PK Defense
1 - 53% - 50% - 4:14
2 - 47% - 50% - 3:42
PK3 Forward
1 - 0% - 65%
2 - 0% - 35%
PK3 Defense
1 - 0% - 65%
2 - 0% - 35%
44 Forward
1 - 0% - 65%
2 - 0% - 35%
44 Defense
1 - 0% - 65%
2 - 0% - 35%
Last Minute Offensive  - 0:00
Last Minute Defensive  - 0:51
Total
Forward - 60:00
Defense - 60:00

% Time on Ice - ANAHEIM

Lines # - Real PCT - Wanted PCT - Time Play
Normal Forward
1 - 32% - 35% - 14:32
2 - 35% - 30% - 15:54
3 - 31% - 25% - 14:01
4 - 3% - 10% - 1:17
Normal Defense
1 - 33% - 35% - 15:05
2 - 29% - 30% - 13:10
3 - 32% - 25% - 14:25
4 - 7% - 10% - 3:04
PP Forward
1 - 51% - 60% - 4:03
2 - 49% - 40% - 3:53
PP Defense
1 - 55% - 60% - 4:21
2 - 45% - 40% - 3:35
PK Forward
1 - 71% - 60% - 4:14
2 - 29% - 40% - 1:43
PK Defense
1 - 52% - 60% - 3:04
2 - 48% - 40% - 2:53
PK3 Forward
1 - 0% - 60%
2 - 0% - 40%
PK3 Defense
1 - 0% - 60%
2 - 0% - 40%
44 Forward
1 - 0% - 60%
2 - 0% - 40%
44 Defense
1 - 0% - 60%
2 - 0% - 40%
Last Minute Offensive  - 0:23
Last Minute Defensive  - 0:00
Total
Forward - 60:00
Defense - 60:00

Play-by-Play

1st period


0:01 of 1st period - Ryan O'Reilly wins face-off versus Evgeny Kuznetsov in neutral zone.
0:10 of 1st period - Minor Penalty to Blake Wheeler for Hooking.
0:11 of 1st period - Luke Glendening wins face-off versus Pierre-Luc Dubois in WASHINGTON zone.
0:28 of 1st period - Shot by Joel Edmundson.
0:28 of 1st period - Stopped by Carter Hart without a rebound.
0:29 of 1st period - Casey Cizikas wins face-off versus Evgeny Kuznetsov in WASHINGTON zone.
1:17 of 1st period - Victor Hedman is hit by Jason Zucker and loses puck.
1:54 of 1st period - Shot by Zach Sanford.
1:54 of 1st period - Stopped by Carter Hart without a rebound.
1:55 of 1st period - Zach Sanford wins face-off versus Ryan O'Reilly in WASHINGTON zone.
2:14 of 1st period - Shot by Michael Frolik.
2:14 of 1st period - Shot Misses the Net.
2:17 of 1st period - Icing by Dylan DeMelo.
2:18 of 1st period - Nate Thompson wins face-off versus Ryan O'Reilly in WASHINGTON zone.
2:19 of 1st period - Shot by Michael Frolik.
2:19 of 1st period - Shot Blocked by Blake Wheeler.
3:39 of 1st period - Shot by Patric Hornqvist.
3:39 of 1st period - Stopped by Carter Hart without a rebound.
3:40 of 1st period - Casey Cizikas wins face-off versus Pierre-Luc Dubois in WASHINGTON zone.
3:40 of 1st period - Casey Cizikas is hit by Pierre-Luc Dubois.
3:51 of 1st period - Minor Penalty to Casey Cizikas for Hooking.
3:52 of 1st period - Luke Glendening wins face-off versus Evgeny Kuznetsov in WASHINGTON zone.
5:29 of 1st period - Shot by Anton Stralman.
5:29 of 1st period - Shot Misses the Net.
5:31 of 1st period - Shot by Jason Zucker.
5:31 of 1st period - Stopped by Carter Hart without a rebound.
5:32 of 1st period - Evgeny Kuznetsov wins face-off versus Ryan O'Reilly in WASHINGTON zone.
5:33 of 1st period - Shot by Joel Edmundson.
5:33 of 1st period - Stopped by Carter Hart without a rebound.
5:34 of 1st period - Pierre-Luc Dubois wins face-off versus Ryan O'Reilly in WASHINGTON zone.
5:34 of 1st period - Zach Sanford is hit by Ryan Graves and loses puck.
5:45 of 1st period - Shot by Pierre-Luc Dubois.
5:45 of 1st period - Stopped by Carter Hart without a rebound.
5:46 of 1st period - Evgeny Kuznetsov wins face-off versus Ryan O'Reilly in WASHINGTON zone.
5:55 of 1st period - Shot by Nate Thompson.
5:55 of 1st period - Stopped by Carter Hart with a rebound.
6:08 of 1st period - Icing by Victor Hedman.
6:09 of 1st period - Casey Cizikas wins face-off versus Evgeny Kuznetsov in WASHINGTON zone.
6:30 of 1st period - Shot by Casey Cizikas.
6:30 of 1st period - Stopped by Cam Talbot without a rebound.
6:31 of 1st period - Pierre-Luc Dubois wins face-off versus Ryan Getzlaf in ANAHEIM zone.
6:31 of 1st period - Joel Edmundson is hit by Ryan Getzlaf.
6:37 of 1st period - Damon Severson is hit by Pierre-Luc Dubois and loses puck.
6:53 of 1st period - Shot by Brendan Gallagher.
6:53 of 1st period - Shot Misses the Net.
7:58 of 1st period - Shot by Patric Hornqvist.
7:58 of 1st period - Stopped by Carter Hart without a rebound.
7:59 of 1st period - Nate Thompson wins face-off versus Luke Glendening in WASHINGTON zone.
8:57 of 1st period - Shot by Martin Frk.
8:57 of 1st period - Stopped by Cam Talbot with a rebound.
9:05 of 1st period - Radko Gudas is hit by Jason Zucker and loses puck.
9:51 of 1st period - Shot by Andreas Athanasiou.
9:51 of 1st period - Shot Blocked by Dylan DeMelo.
10:26 of 1st period - Andrew Shaw is hit by Ryan Graves and loses puck.
10:37 of 1st period - Shot by Blake Wheeler.
10:37 of 1st period - Stopped by Cam Talbot without a rebound.
10:38 of 1st period - Nate Thompson wins face-off versus Luke Glendening in ANAHEIM zone.
10:40 of 1st period - Caleb Jones is hit by Cal Clutterbuck and loses puck.
11:09 of 1st period - Shot by Christian Fischer.
11:09 of 1st period - Shot Blocked by Caleb Jones.
11:32 of 1st period - Pierre-Luc Dubois is hit by Brayden Schenn and loses puck.
11:43 of 1st period - Shot by Andreas Athanasiou.
11:43 of 1st period - Shot Misses the Net.
11:45 of 1st period - Shot by Zach Sanford.
11:45 of 1st period - Stopped by Carter Hart without a rebound.
11:46 of 1st period - Clayton Keller wins face-off versus Patric Hornqvist in WASHINGTON zone.
11:46 of 1st period - Clayton Keller is hit by Evgeny Kuznetsov.
13:11 of 1st period - Ryan Graves is hit by Pierre-Luc Dubois and loses puck.
13:56 of 1st period - Shot by Luke Glendening.
13:56 of 1st period - Stopped by Cam Talbot with a rebound.
13:58 of 1st period - Shot by Damon Severson.
13:58 of 1st period - Stopped by Cam Talbot without a rebound.
13:59 of 1st period - Casey Cizikas wins face-off versus Evgeny Kuznetsov in ANAHEIM zone.
14:22 of 1st period - Shot by Jason Zucker.
14:22 of 1st period - Shot Blocked by Dylan DeMelo.
14:30 of 1st period - Shot by Joel Edmundson.
14:30 of 1st period - Shot Misses the Net.
14:44 of 1st period - Ryan Getzlaf is hit by Patric Hornqvist and loses puck.
15:01 of 1st period - Shot by Brendan Gallagher.
15:01 of 1st period - Stopped by Cam Talbot without a rebound.
15:02 of 1st period - Ryan O'Reilly wins face-off versus Nate Thompson in ANAHEIM zone.
15:11 of 1st period - Shot by Ryan O'Reilly.
15:11 of 1st period - Shot Misses the Net.
15:13 of 1st period - Shot by Radko Gudas.
15:13 of 1st period - Shot Misses the Net.
15:15 of 1st period - Shot by Radko Gudas.
15:15 of 1st period - Stopped by Cam Talbot without a rebound.
15:16 of 1st period - Ryan Getzlaf wins face-off versus Michael Frolik in ANAHEIM zone.
15:30 of 1st period - Off-side.
15:31 of 1st period - Ryan O'Reilly wins face-off versus Pierre-Luc Dubois in neutral zone.
15:31 of 1st period - Ryan O'Reilly is hit by Pierre-Luc Dubois.
15:41 of 1st period - Shot by Ryan O'Reilly.
15:41 of 1st period - Stopped by Cam Talbot without a rebound.
15:42 of 1st period - Ryan Getzlaf wins face-off versus Andrew Shaw in ANAHEIM zone.
16:13 of 1st period - Shot by Clayton Keller.
16:13 of 1st period - Stopped by Cam Talbot without a rebound.
16:14 of 1st period - Evgeny Kuznetsov wins face-off versus Ryan O'Reilly in ANAHEIM zone.
16:18 of 1st period - Off-side.
16:19 of 1st period - Evgeny Kuznetsov wins face-off versus Ryan O'Reilly in neutral zone.
16:34 of 1st period - Shot by Evgeny Kuznetsov.
16:34 of 1st period - Stopped by Carter Hart without a rebound.
16:35 of 1st period - Ryan Getzlaf wins face-off versus Pierre-Luc Dubois in WASHINGTON zone.
17:04 of 1st period - Shot by Brendan Gallagher.
17:04 of 1st period - Stopped by Cam Talbot without a rebound.
17:05 of 1st period - Evgeny Kuznetsov wins face-off versus Brayden Schenn in ANAHEIM zone.
17:18 of 1st period - Patric Hornqvist is hit by Brayden Schenn and loses puck.
17:27 of 1st period - Shot by Blake Wheeler.
17:27 of 1st period - Stopped by Cam Talbot without a rebound.
17:28 of 1st period - Luke Glendening wins face-off versus Nate Thompson in ANAHEIM zone.
17:31 of 1st period - Shot by Christian Fischer.
17:31 of 1st period - Shot Misses the Net.
18:00 of 1st period - Icing by Mike Green.
18:01 of 1st period - Nate Thompson wins face-off versus Brayden Schenn in ANAHEIM zone.
18:01 of 1st period - Nate Thompson is hit by Brayden Schenn.
18:28 of 1st period - Minor Penalty to Patric Hornqvist for High sticking.
18:29 of 1st period - Evgeny Kuznetsov wins face-off versus Ryan Getzlaf in ANAHEIM zone.
18:46 of 1st period - Shot by Clayton Keller.
18:46 of 1st period - Shot Misses the Net.
18:48 of 1st period - Shot by Victor Hedman.
18:48 of 1st period - Shot Blocked by Trevor van Riemsdyk.
18:50 of 1st period - Shot by Kevin Labanc.
18:50 of 1st period - Shot Blocked by Pierre-Luc Dubois.
18:52 of 1st period - Shot by Damon Severson.
18:52 of 1st period - Shot Blocked by Jake McCabe.
19:00 of 1st period - Shot by Clayton Keller.
19:00 of 1st period - Shot Hit the Post.
19:02 of 1st period - Shot by Damon Severson.
19:02 of 1st period - Stopped by Cam Talbot without a rebound.
19:03 of 1st period - Evgeny Kuznetsov wins face-off versus Ryan O'Reilly in ANAHEIM zone.
19:28 of 1st period - Shot by Brendan Gallagher.
19:28 of 1st period - Shot Blocked by Joel Edmundson.
19:30 of 1st period - Shot by Ryan O'Reilly.
19:30 of 1st period - Shot Misses the Net.
19:32 of 1st period - Shot by Ryan O'Reilly.
19:32 of 1st period - Shot Blocked by Anton Stralman.
19:34 of 1st period - Shot by Ryan Graves.
19:34 of 1st period - Shot Blocked by Anton Stralman.
19:40 of 1st period - Shot by Blake Wheeler.
19:40 of 1st period - Shot Misses the Net.
19:42 of 1st period - Shot by Blake Wheeler.
19:42 of 1st period - Shot Misses the Net.
Goals for this period are 0 for WASHINGTON vs 0 for ANAHEIM.
Shots for this period are 12 for WASHINGTON vs 10 for ANAHEIM.

2nd period


0:01 of 2nd period - Ryan O'Reilly wins face-off versus Evgeny Kuznetsov in neutral zone.
0:04 of 2nd period - Anton Stralman is hit by Blake Wheeler and loses puck.
0:44 of 2nd period - Brendan Gallagher is hit by Mike Green and loses puck.
0:59 of 2nd period - Shot by Brendan Gallagher.
0:59 of 2nd period - Shot Misses the Net.
1:37 of 2nd period - Shot by Evgeny Kuznetsov.
1:37 of 2nd period - Stopped by Carter Hart without a rebound.
1:38 of 2nd period - Ryan O'Reilly wins face-off versus Pierre-Luc Dubois in WASHINGTON zone.
1:49 of 2nd period - Shot by Ryan O'Reilly.
1:49 of 2nd period - Shot Misses the Net.
1:51 of 2nd period - Shot by Radko Gudas.
1:51 of 2nd period - Stopped by Cam Talbot without a rebound.
1:52 of 2nd period - Evgeny Kuznetsov wins face-off versus Luke Glendening in ANAHEIM zone.
2:46 of 2nd period - Shot by Blake Wheeler.
2:46 of 2nd period - Stopped by Cam Talbot without a rebound.
2:47 of 2nd period - Ryan Getzlaf wins face-off versus Pierre-Luc Dubois in ANAHEIM zone.
3:02 of 2nd period - Shot by Brendan Gallagher.
3:02 of 2nd period - Goal by Brendan Gallagher - WASHINGTON : 1 - ANAHEIM : 0.
3:03 of 2nd period - Ryan O'Reilly wins face-off versus Nate Thompson in neutral zone.
3:06 of 2nd period - Shot by Brayden Schenn.
3:06 of 2nd period - Shot Blocked by Caleb Jones.
3:21 of 2nd period - Michael Frolik is hit by Radko Gudas and loses puck.
3:35 of 2nd period - Minor Penalty to Blake Wheeler for Tripping.
3:36 of 2nd period - Andreas Athanasiou wins face-off versus Ryan Getzlaf in WASHINGTON zone.
3:37 of 2nd period - Shot by Trevor van Riemsdyk.
3:37 of 2nd period - Shot Misses the Net.
4:15 of 2nd period - Jake McCabe is hit by Ryan Getzlaf and loses puck.
5:02 of 2nd period - Shot by Jason Zucker.
5:02 of 2nd period - Stopped by Carter Hart without a rebound.
5:03 of 2nd period - Ryan O'Reilly wins face-off versus Evgeny Kuznetsov in WASHINGTON zone.
6:19 of 2nd period - Mike Green is hit by Cal Clutterbuck and loses puck.
6:21 of 2nd period - Minor Penalty to Cal Clutterbuck for Hooking.
6:22 of 2nd period - Ryan O'Reilly wins face-off versus Pierre-Luc Dubois in WASHINGTON zone.
6:32 of 2nd period - Casey Cizikas is hit by Jake McCabe.
7:22 of 2nd period - Radko Gudas is hit by Jason Zucker and loses puck.
7:29 of 2nd period - Shot by Anton Stralman.
7:29 of 2nd period - Shot Misses the Net.
7:31 of 2nd period - Shot by Joel Edmundson.
7:31 of 2nd period - Stopped by Carter Hart without a rebound.
7:32 of 2nd period - Luke Glendening wins face-off versus Evgeny Kuznetsov in WASHINGTON zone.
8:15 of 2nd period - Patric Hornqvist is hit by Ryan Getzlaf and loses puck.
8:23 of 2nd period - Minor Penalty to Mike Green for Tripping.
8:24 of 2nd period - Ryan O'Reilly wins face-off versus Michael Frolik in ANAHEIM zone.
8:39 of 2nd period - Shot by Victor Hedman.
8:39 of 2nd period - Stopped by Cam Talbot without a rebound.
8:40 of 2nd period - Ryan Getzlaf wins face-off versus Evgeny Kuznetsov in ANAHEIM zone.
8:51 of 2nd period - Shot by Ryan Graves.
8:51 of 2nd period - Shot Misses the Net.
8:57 of 2nd period - Shot by Kevin Labanc.
8:57 of 2nd period - Deflect By Clayton Keller.
8:57 of 2nd period - Stopped by Cam Talbot without a rebound.
8:58 of 2nd period - Michael Frolik wins face-off versus Ryan O'Reilly in ANAHEIM zone.
8:58 of 2nd period - Michael Frolik is hit by Blake Wheeler.
9:10 of 2nd period - Shot by Damon Severson.
9:10 of 2nd period - Shot Misses the Net.
9:12 of 2nd period - Shot by Damon Severson.
9:12 of 2nd period - Shot Blocked by Joel Edmundson.
9:14 of 2nd period - Shot by Victor Hedman.
9:14 of 2nd period - Stopped by Cam Talbot without a rebound.
9:15 of 2nd period - Evgeny Kuznetsov wins face-off versus Ryan Getzlaf in ANAHEIM zone.
9:38 of 2nd period - Shot by Clayton Keller.
9:38 of 2nd period - Stopped by Cam Talbot without a rebound.
9:39 of 2nd period - Ryan O'Reilly wins face-off versus Evgeny Kuznetsov in ANAHEIM zone.
10:00 of 2nd period - Shot by Blake Wheeler.
10:00 of 2nd period - Stopped by Cam Talbot without a rebound.
10:01 of 2nd period - Evgeny Kuznetsov wins face-off versus Clayton Keller in ANAHEIM zone.
10:01 of 2nd period - Evgeny Kuznetsov is hit by Ryan Getzlaf.
10:27 of 2nd period - Icing by Nate Thompson.
10:28 of 2nd period - Nate Thompson wins face-off versus Ryan O'Reilly in ANAHEIM zone.
10:28 of 2nd period - Nate Thompson is hit by Blake Wheeler.
11:05 of 2nd period - Shot by Blake Wheeler.
11:05 of 2nd period - Shot Blocked by Mike Green.
11:07 of 2nd period - Shot by Dylan DeMelo.
11:07 of 2nd period - Stopped by Cam Talbot with a rebound.
11:30 of 2nd period - Joel Edmundson is hit by Casey Cizikas and loses puck.
12:22 of 2nd period - Shot by Brendan Gallagher.
12:22 of 2nd period - Stopped by Cam Talbot with a rebound.
12:33 of 2nd period - Shot by Ryan Getzlaf.
12:33 of 2nd period - Shot Blocked by Anton Stralman.
13:13 of 2nd period - Shot by Patric Hornqvist.
13:13 of 2nd period - Stopped by Carter Hart with a rebound.
13:25 of 2nd period - Victor Mete is hit by Patric Hornqvist and loses puck.
13:31 of 2nd period - Icing by Dylan DeMelo.
13:32 of 2nd period - Nate Thompson wins face-off versus Ryan O'Reilly in WASHINGTON zone.
13:55 of 2nd period - Icing by Ryan O'Reilly.
13:56 of 2nd period - Ryan O'Reilly wins face-off versus Evgeny Kuznetsov in WASHINGTON zone.
14:13 of 2nd period - Shot by Ryan Getzlaf.
14:13 of 2nd period - Stopped by Cam Talbot with a rebound.
14:19 of 2nd period - Shot by Evgeny Kuznetsov.
14:19 of 2nd period - Deflect By Patric Hornqvist.
14:19 of 2nd period - Stopped by Carter Hart without a rebound.
14:20 of 2nd period - Cal Clutterbuck wins face-off versus Andrew Shaw in WASHINGTON zone.
14:20 of 2nd period - Cal Clutterbuck is hit by Andrew Shaw.
14:23 of 2nd period - Damon Severson is hit by Andrew Shaw and loses puck.
14:34 of 2nd period - Shot by Michael Frolik.
14:34 of 2nd period - Stopped by Carter Hart without a rebound.
14:35 of 2nd period - Ryan Getzlaf wins face-off versus Evgeny Kuznetsov in WASHINGTON zone.
15:36 of 2nd period - Shot by Brayden Schenn.
15:36 of 2nd period - Stopped by Cam Talbot without a rebound.
15:37 of 2nd period - Luke Glendening wins face-off versus Pierre-Luc Dubois in ANAHEIM zone.
15:54 of 2nd period - Icing by Luke Glendening.
15:55 of 2nd period - Luke Glendening wins face-off versus Nate Thompson in WASHINGTON zone.
15:55 of 2nd period - Luke Glendening is hit by Nate Thompson.
16:00 of 2nd period - Icing by Victor Mete.
16:01 of 2nd period - Zach Sanford wins face-off versus Luke Glendening in WASHINGTON zone.
16:09 of 2nd period - Andreas Athanasiou is hit by Dylan DeMelo and loses puck.
16:37 of 2nd period - Joel Edmundson is hit by Cal Clutterbuck and loses puck.
16:47 of 2nd period - Off-side.
16:48 of 2nd period - Ryan O'Reilly wins face-off versus Jason Zucker in neutral zone.
16:48 of 2nd period - Blake Wheeler is hit by Jason Zucker.
16:54 of 2nd period - Shot by Blake Wheeler.
16:54 of 2nd period - Shot Misses the Net.
16:59 of 2nd period - Evgeny Kuznetsov is hit by Ryan Graves and loses puck.
17:22 of 2nd period - Evgeny Kuznetsov is hit by Ryan Graves.
17:28 of 2nd period - Shot by Jason Zucker.
17:28 of 2nd period - Shot Misses the Net.
17:50 of 2nd period - Shot by Nate Thompson.
17:50 of 2nd period - Goal by Nate Thompson - WASHINGTON : 1 - ANAHEIM : 1.
17:51 of 2nd period - Brendan Gallagher wins face-off versus Pierre-Luc Dubois in neutral zone.
18:02 of 2nd period - Icing by Radko Gudas.
18:03 of 2nd period - Nate Thompson wins face-off versus Ryan Getzlaf in WASHINGTON zone.
18:08 of 2nd period - Shot by Michael Frolik.
18:08 of 2nd period - Stopped by Carter Hart without a rebound.
18:09 of 2nd period - Casey Cizikas wins face-off versus Pierre-Luc Dubois in WASHINGTON zone.
18:13 of 2nd period - Radko Gudas is hit by Joel Edmundson and loses puck.
18:49 of 2nd period - Icing by Anton Stralman.
18:50 of 2nd period - Ryan O'Reilly wins face-off versus Pierre-Luc Dubois in ANAHEIM zone.
18:50 of 2nd period - Victor Hedman is hit by Joel Edmundson and loses puck.
19:13 of 2nd period - Shot by Brayden Schenn.
19:13 of 2nd period - Shot Misses the Net.
19:16 of 2nd period - Blake Wheeler is hit by Joel Edmundson and loses puck.
19:24 of 2nd period - Brayden Schenn is hit by Joel Edmundson and loses puck.
19:44 of 2nd period - Joel Edmundson is hit by Dylan DeMelo and loses puck.
19:54 of 2nd period - Victor Mete is hit by Joel Edmundson.
19:57 of 2nd period - Brendan Gallagher is hit by Joel Edmundson and loses puck.
Goals for this period are 1 for WASHINGTON vs 1 for ANAHEIM.
Shots for this period are 12 for WASHINGTON vs 8 for ANAHEIM.

3rd period


0:01 of 3rd period - Ryan O'Reilly wins face-off versus Evgeny Kuznetsov in neutral zone.
0:12 of 3rd period - Shot by Patric Hornqvist.
0:12 of 3rd period - Stopped by Carter Hart without a rebound.
0:13 of 3rd period - Ryan Getzlaf wins face-off versus Pierre-Luc Dubois in WASHINGTON zone.
0:13 of 3rd period - Ryan Getzlaf is hit by Zach Sanford.
0:34 of 3rd period - Off-side.
0:35 of 3rd period - Ryan O'Reilly wins face-off versus Evgeny Kuznetsov in neutral zone.
2:14 of 3rd period - Anton Stralman is hit by Casey Cizikas and loses puck.
2:28 of 3rd period - Casey Cizikas is hit by Joel Edmundson and loses puck.
3:00 of 3rd period - Icing by Luke Glendening.
3:01 of 3rd period - Nate Thompson wins face-off versus Luke Glendening in WASHINGTON zone.
3:16 of 3rd period - Shot by Nate Thompson.
3:16 of 3rd period - Goal by Nate Thompson - WASHINGTON : 1 - ANAHEIM : 2.
3:17 of 3rd period - Ryan O'Reilly wins face-off versus Evgeny Kuznetsov in neutral zone.
3:23 of 3rd period - Blake Wheeler is hit by Jake McCabe and loses puck.
3:32 of 3rd period - Shot by Ryan O'Reilly.
3:32 of 3rd period - Shot Misses the Net.
3:36 of 3rd period - Shot by Ryan O'Reilly.
3:36 of 3rd period - Shot Blocked by Trevor van Riemsdyk.
3:38 of 3rd period - Shot by Ryan O'Reilly.
3:38 of 3rd period - Deflect By Brayden Schenn.
3:38 of 3rd period - Shot Misses the Net.
3:40 of 3rd period - Shot by Ryan O'Reilly.
3:40 of 3rd period - Stopped by Cam Talbot without a rebound.
3:41 of 3rd period - Nate Thompson wins face-off versus Ryan Getzlaf in ANAHEIM zone.
4:03 of 3rd period - Brendan Gallagher is hit by Mike Green and loses puck.
4:18 of 3rd period - Shot by Clayton Keller.
4:18 of 3rd period - Shot Blocked by Caleb Jones.
4:20 of 3rd period - Shot by Ryan Getzlaf.
4:20 of 3rd period - Shot Blocked by Michael Frolik.
4:43 of 3rd period - Off-side.
4:44 of 3rd period - Casey Cizikas wins face-off versus Evgeny Kuznetsov in neutral zone.
4:49 of 3rd period - Casey Nelson is hit by Kevin Labanc.
5:18 of 3rd period - Martin Frk is hit by Casey Nelson and loses puck.
5:24 of 3rd period - Icing by Anton Stralman.
5:25 of 3rd period - Ryan O'Reilly wins face-off versus Evgeny Kuznetsov in ANAHEIM zone.
5:36 of 3rd period - Shot by Blake Wheeler.
5:36 of 3rd period - Stopped by Cam Talbot without a rebound.
5:37 of 3rd period - Clayton Keller wins face-off versus Pierre-Luc Dubois in ANAHEIM zone.
5:58 of 3rd period - Shot by Clayton Keller.
5:58 of 3rd period - Stopped by Cam Talbot with a rebound.
6:16 of 3rd period - Shot by Pierre-Luc Dubois.
6:16 of 3rd period - Stopped by Carter Hart without a rebound.
6:17 of 3rd period - Nate Thompson wins face-off versus Ryan O'Reilly in WASHINGTON zone.
6:27 of 3rd period - Icing by Ryan Graves.
6:28 of 3rd period - Ryan O'Reilly wins face-off versus Evgeny Kuznetsov in WASHINGTON zone.
6:54 of 3rd period - Shot by Jason Zucker.
6:54 of 3rd period - Shot Misses the Net.
6:56 of 3rd period - Shot by Jason Zucker.
6:56 of 3rd period - Shot Misses the Net.
7:52 of 3rd period - Shot by Brendan Gallagher.
7:52 of 3rd period - Shot Misses the Net.
7:54 of 3rd period - Shot by Damon Severson.
7:54 of 3rd period - Shot Blocked by Jake McCabe.
7:58 of 3rd period - Shot by Ryan Getzlaf.
7:58 of 3rd period - Deflect By Brendan Gallagher.
7:58 of 3rd period - Shot Misses the Net.
9:18 of 3rd period - Shot by Jason Zucker.
9:18 of 3rd period - Shot Misses the Net.
9:20 of 3rd period - Shot by Joel Edmundson.
9:20 of 3rd period - Stopped by Carter Hart without a rebound.
9:21 of 3rd period - Evgeny Kuznetsov wins face-off versus Ryan O'Reilly in WASHINGTON zone.
9:36 of 3rd period - Shot by Jason Zucker.
9:36 of 3rd period - Shot Misses the Net.
9:38 of 3rd period - Shot by Anton Stralman.
9:38 of 3rd period - Deflect By Jason Zucker.
9:38 of 3rd period - Stopped by Carter Hart with a rebound.
9:47 of 3rd period - Off-side.
9:48 of 3rd period - Ryan Getzlaf wins face-off versus Pierre-Luc Dubois in neutral zone.
10:20 of 3rd period - Shot by Ryan Getzlaf.
10:20 of 3rd period - Shot Misses the Net.
10:47 of 3rd period - Shot by Brayden Schenn.
10:47 of 3rd period - Deflect By Blake Wheeler.
10:47 of 3rd period - Stopped by Cam Talbot with a rebound.
10:51 of 3rd period - Shot by Ryan O'Reilly.
10:51 of 3rd period - Goal by Ryan O'Reilly - WASHINGTON : 2 - ANAHEIM : 2.
10:52 of 3rd period - Casey Cizikas wins face-off versus Evgeny Kuznetsov in neutral zone.
11:03 of 3rd period - Shot by Patric Hornqvist.
11:03 of 3rd period - Stopped by Carter Hart without a rebound.
11:04 of 3rd period - Ryan O'Reilly wins face-off versus Nate Thompson in WASHINGTON zone.
11:04 of 3rd period - Ryan O'Reilly is hit by Andrew Shaw.
11:32 of 3rd period - Shot by Brayden Schenn.
11:32 of 3rd period - Deflect By Blake Wheeler.
11:32 of 3rd period - Shot Misses the Net.
11:34 of 3rd period - Shot by Brayden Schenn.
11:34 of 3rd period - Shot Blocked by Jake McCabe.
11:36 of 3rd period - Shot by Ryan O'Reilly.
11:36 of 3rd period - Stopped by Cam Talbot with a rebound.
11:39 of 3rd period - Ryan O'Reilly is hit by Jake McCabe and loses puck.
12:03 of 3rd period - Icing by Brendan Gallagher.
12:04 of 3rd period - Evgeny Kuznetsov wins face-off versus Ryan Getzlaf in WASHINGTON zone.
12:05 of 3rd period - Shot by Jason Zucker.
12:05 of 3rd period - Shot Misses the Net.
12:30 of 3rd period - Shot by Brendan Gallagher.
12:30 of 3rd period - Goal by Brendan Gallagher - WASHINGTON : 3 - ANAHEIM : 2.
12:31 of 3rd period - Pierre-Luc Dubois wins face-off versus Casey Cizikas in neutral zone.
12:31 of 3rd period - Andreas Athanasiou is hit by Casey Cizikas and loses puck.
12:35 of 3rd period - Pierre-Luc Dubois is hit by Casey Cizikas and loses puck.
12:39 of 3rd period - Off-side.
12:40 of 3rd period - Ryan O'Reilly wins face-off versus Pierre-Luc Dubois in neutral zone.
12:53 of 3rd period - Zach Sanford is hit by Ryan Graves and loses puck.
14:03 of 3rd period - Shot by Evgeny Kuznetsov.
14:03 of 3rd period - Stopped by Carter Hart without a rebound.
14:04 of 3rd period - Luke Glendening wins face-off versus Nate Thompson in WASHINGTON zone.
14:23 of 3rd period - Shot by Andrew Shaw.
14:23 of 3rd period - Stopped by Carter Hart with a rebound.
14:25 of 3rd period - Shot by Mike Green.
14:25 of 3rd period - Shot Blocked by Victor Mete.
14:27 of 3rd period - Shot by Nate Thompson.
14:27 of 3rd period - Shot Blocked by Luke Glendening.
14:29 of 3rd period - Shot by Caleb Jones.
14:29 of 3rd period - Stopped by Carter Hart without a rebound.
14:30 of 3rd period - Ryan Getzlaf wins face-off versus Evgeny Kuznetsov in WASHINGTON zone.
14:30 of 3rd period - Ryan Getzlaf is hit by Patric Hornqvist.
14:31 of 3rd period - Minor Penalty to Jason Zucker for Slashing.
14:32 of 3rd period - Ryan Getzlaf wins face-off versus Evgeny Kuznetsov in ANAHEIM zone.
15:11 of 3rd period - Shot by Ryan Getzlaf.
15:11 of 3rd period - Stopped by Cam Talbot without a rebound.
15:12 of 3rd period - Michael Frolik wins face-off versus Ryan O'Reilly in ANAHEIM zone.
16:09 of 3rd period - Off-side.
16:10 of 3rd period - Ryan Getzlaf wins face-off versus Evgeny Kuznetsov in neutral zone.
16:37 of 3rd period - Icing by Nate Thompson.
16:38 of 3rd period - Nate Thompson wins face-off versus Luke Glendening in ANAHEIM zone.
17:34 of 3rd period - Shot by Jason Zucker.
17:34 of 3rd period - Shot Misses the Net.
17:38 of 3rd period - Shot by Patric Hornqvist.
17:38 of 3rd period - Stopped by Carter Hart without a rebound.
17:39 of 3rd period - Ryan O'Reilly wins face-off versus Pierre-Luc Dubois in WASHINGTON zone.
17:54 of 3rd period - Pierre-Luc Dubois is hit by Ryan Graves and loses puck.
18:16 of 3rd period - Icing by Jake McCabe.
18:17 of 3rd period - Ryan Getzlaf wins face-off versus Pierre-Luc Dubois in ANAHEIM zone.
18:17 of 3rd period - Clayton Keller is hit by Jake McCabe and loses puck.
18:49 of 3rd period - Icing by Ryan Getzlaf.
18:50 of 3rd period - Ryan Getzlaf wins face-off versus Andrew Shaw in WASHINGTON zone.
19:13 of 3rd period - Andrew Shaw is hit by Ryan Graves and loses puck.
19:27 of 3rd period - Casey Cizikas is hit by Joel Edmundson and loses puck.
19:34 of 3rd period - Shot by Victor Hedman.
19:34 of 3rd period - Shot Blocked by C.J. Smith.
19:36 of 3rd period - Shot by Ryan O'Reilly.
19:36 of 3rd period - Stopped by Cam Talbot without a rebound.
19:37 of 3rd period - Evgeny Kuznetsov wins face-off versus Ryan O'Reilly in ANAHEIM zone.
Goals for this period are 2 for WASHINGTON vs 1 for ANAHEIM.
Shots for this period are 9 for WASHINGTON vs 10 for ANAHEIM.